 Dungeon Crawl Stone Soup version 0.13-a0-2244-g236abbe (webtiles) character file.

695 Kigal the Geomancer (level 7, -3/50 HPs)
             Began as a Gargoyle Earth Elementalist on July 5, 2013.
             Slain by an ogre
             ... wielding a cursed -3,-3 giant spiked club
              (29 damage)
             ... on Level 4 of the Dungeon.
             The game lasted 00:41:07 (6136 turns).

Kigal the Geomancer (Gargoyle Earth Elementalist)   Turns: 6136, Time: 00:41:07

HP  -3/50        AC  3     Str 12      XL: 7   Next: 32%
MP  12/15        EV 12     Int 17      God:
Gold 129         SH  0     Dex 10      Spells:  3 memorised,  3 levels left

Res.Fire  : . . .   See Invis. : .     - Unarmed
Res.Cold  : + . .   Warding    : .   c - +0 robe
Life Prot.: + . .   Conserve   : .   (no shield)
Res.Poison: .       Res.Corr.  : .   (no helmet)
Res.Elec. : .       Clarity    : .   g - +0 cloak
Sust.Abil.: . .     Spirit.Shd : .   (no gloves)
Res.Mut.  : .       Stasis     : .   (no boots)
Res.Rott. : .       Flight     : .   (no amulet)
Saprovore : . . .                    (no ring)
                                     m - ring of wizardry

@: slightly resistant to hostile enchantments, fairly stealthy
A: fangs 1, talons 2, cold resistance 1, life protection 1, slow metabolism 1,
petrification resistance, trample resistance, cling
a: no special abilities


You were on level 4 of the Dungeon.
You were not hungry.

You visited 1 branch of the dungeon, and saw 4 of its levels.

You collected 109 gold pieces.

Inventory:

Hand weapons
 v - a +2 blowgun of evasion
Missiles
 b - 73 stones (quivered)
Armour
 c - a +0 robe (worn)
 f - a +2 scale mail
 g - a +0 cloak (worn)
Magical devices
 a - a wand of lightning (10) {unknown}
 p - a wand of slowing (7)
 x - a wand of disintegration (14)
Scrolls
 e - 3 scrolls of enchant armour {unknown}
 l - a scroll of enchant weapon I {unknown}
 q - 2 scrolls of teleportation {unknown}
 r - 3 scrolls of remove curse {unknown}
 s - a scroll of noise {unknown}
 w - a scroll of fog {unknown}
 y - a scroll of identify {unknown}
 z - a scroll of fear {unknown}
 A - a scroll of curse weapon {unknown}
Jewellery
 m - a ring of wizardry (left hand)
 o - an uncursed amulet of the gourmand
Potions
 i - 2 potions of curing
 j - 2 potions of might {unknown}
 n - a potion of heal wounds {unknown}
 t - 2 potions of berserk rage {unknown}
Books
 d - a book of Geomancy

   Spells                             Type                      Level
   *Sandblast                         Earth                        1
   Stoneskin                          Transmutation/Earth          2
   Passwall                           Transmutation/Earth          3
   *Stone Arrow                       Conjuration/Earth            3
   Petrify                            Transmutation/Earth          4
   *Lee's Rapid Deconstruction        Earth                        5


   Skills:
 - Level 1.7 Dodging
 - Level 2.1 Stealth
 + Level 3.2 Unarmed Combat
 + Level 3.4 Spellcasting
   Level 0.8 Transmutations
 * Level 8.4 Earth Magic


You had 3 spell levels left.
You knew the following spells:

 Your Spells              Type           Power        Failure   Level  Hunger
a - Sandblast             Erth           ####..       1%          1    None
b - Stone Arrow           Conj/Erth      ###...       3%          3    ###....
c - Lee's Rapid Deconstr  Erth           ####......   7%          5    #####..


Dungeon Overview and Level Annotations

Branches:
Dungeon (4/27)             Temple (0/1) D:4

Altars:
Fedhas

Shops:
D:4: +


Innate Abilities, Weirdness & Mutations

You have very sharp teeth.
You have razor-sharp toenails.
Your flesh is cold resistant.
You resist negative energy.
You have a slow metabolism.
You are immune to petrification.
You are resistant to trampling.
You can cling to walls.


Message History

The ogre is severely wounded.
The bat misses you. The ogre misses you.
You hit the ogre but do no damage.
The ogre is severely wounded.
The bat barely misses you.
The ogre hits you with a giant spiked club!
You hit the ogre.
The ogre is severely wounded.
The bat hits you but does no damage.
You hit the ogre.
The ogre is severely wounded.
The bat completely misses you. The ogre misses you. The ooze hits you.
An arrow hits the rat!
The rat dies!
You hit the ogre.
The ogre is severely wounded.
The bat hits you but does no damage.
The ogre hits you with a giant spiked club!
Ouch! That really hurt!
You die...

.
.#.##.....###.......#
..# #.#.^....#
#.......# ..#
#.#......# #.......#
..# #.#......#
#........ ..#
########+#'#......#
#........ ..#
#.................#
#........ ..#
#.................#
#......(. ..#
#..........JO.b...#
#........ ..#
#...........@.....#
#........ ..#
#..........^#.....#
#.......# ..#
#...........'.....#
#.......# #.#
#........#.....#
#.......# #.#
#..............#
######### #.###
#........##.####
##### #........# .#
⌠.⌠#####........# .#
)>.#............#


You could see an ogre, an ooze and a bat.

Vanquished Creatures
  Eustachio (D:4)
  An ogre (D:3)
  2 orc priests (D:4)
  2 worker ants (D:4)
  A hound skeleton (D:4)
  2 orc wizards (D:4)
  2 iguanas
  6 adders
  A lemure (D:3)
  A green rat (D:4)
  A giant eyeball (D:4)
  3 giant geckos
  An ooze (D:2)
  6 orcs
  A giant cockroach (D:2)
  6 hobgoblins
  7 kobolds
  A quokka (D:3)
  9 bats
  5 giant newts
  5 goblins
  A kobold skeleton (D:4)
  11 rats
  2 fungi (D:3)
  A plant (D:3)
79 creatures vanquished.

Vanquished Creatures (others)
  An orc (D:3)
  A rat (D:4)
2 creatures vanquished.

Grand Total: 81 creatures vanquished

Notes
Turn   | Place    | Note
--------------------------------------------------------------
     0 | D:1      | Kigal, the Gargoyle Earth Elementalist, began the quest for the Orb.
     0 | D:1      | Reached XP level 1. HP: 14/14 MP: 3/3
   402 | D:1      | Reached XP level 2. HP: 10/20 MP: 2/4
  1263 | D:2      | Reached skill level 5 in Earth Magic
  1263 | D:2      | Reached XP level 3. HP: 20/26 MP: 6/6
  1852 | D:2      | Learned a level 3 spell: Stone Arrow
  2239 | D:3      | Reached XP level 4. HP: 2/33 MP: 0/8
  2501 | D:3      | Found a blossoming altar of Fedhas.
  2763 | D:3      | Reached skill level 6 in Earth Magic
  3500 | D:4      | Noticed Eustachio
  3695 | D:4      | Killed Eustachio
  3695 | D:4      | Reached XP level 5. HP: 21/38 MP: 0/10
  3695 | D:4      | Reached XP level 6. HP: 24/45 MP: 0/12
  3911 | D:3      | Learned a level 5 spell: Lee's Rapid Deconstruction
  3939 | D:4      | Found a staircase to the Ecumenical Temple.
  4126 | D:4      | Found Khukhe's Book Shop.
  4192 | D:4      | HP: 2/45 [iguana (14)]
  4196 | D:4      | Reached skill level 7 in Earth Magic
  4197 | D:4      | HP: 2/45 [orc/orcish flail (1)]
  5074 | D:4      | HP: 2/45 [ogre/giant club (4)]
  5076 | D:3      | Reached skill level 8 in Earth Magic
  5076 | D:3      | Reached XP level 7. HP: 2/50 MP: 1/14
  5753 | D:4      | Paralysed by a giant eyeball for 4 turns
  5780 | D:4      | Noticed an ogre
  6136 | D:4      | Slain by an ogre

Action                   |  1- 3 |  4- 6 |  7- 9 || total
-------------------------+-------+-------+-------++-------
Melee: Unarmed           |   104 |   212 |    51 ||   367
Throw: Stone             |     4 |       |       ||     4
 Cast: Sandblast         |    35 |     2 |     1 ||    38
       Stone Arrow       |     6 |    31 |     6 ||    43
       Lee's Rapid Decon |       |     7 |     4 ||    11
Evoke: Wand              |     3 |     4 |       ||     7
  Use: Potion            |       |       |     1 ||     1
